 Dungeon Crawl Stone Soup version 0.27-a0-1147-gb3d8e82157 (webtiles) character file.

Game seed: 13798749120006938751

917 Ijustatesigmund the Chopper (level 8, -1/55 HPs)
             Began as an Octopode Fighter on May 11, 2021.
             Succumbed to a water moccasin's poison
             ... on level 5 of the Dungeon.
             The game lasted 00:07:05 (4753 turns).

Ijustatesigmund the Chopper (Octopode Fighter)      Turns: 4753, Time: 00:07:06

Health: -1/55      AC:  4    Str: 14 (15) XL:     8   Next: 9%
Magic:  8/8        EV: 10    Int: 11 (12) God:
Gold:   279        SH: 19    Dex:  9 (12) Spells: 7/7 levels left

rFire    + . .     SeeInvis .   a - +1 war axe
rCold    + . .     Faith    .   b - +1 tower shield {AC+3}
rNeg     . . .     Spirit   .   (helmet restricted)
rPois    +         Reflect  +   g - amulet of reflection
rElec    +         Harm     .   n - ring of flight
rCorr    +         Rampage  .   (no ring)
Will     .....                  (no ring)
Stlth    ++........             (no ring)
HPRegen  0.18/turn              (no ring)
MPRegen  0.11/turn              (no ring)
                                (no ring)
                                (no ring)

@: mighty, brilliant, lethally poisoned (-1 -> -7), resistant, attractive,
flying
A: almost no armour, amphibious, 8 rings, camouflage 1, gelatinous body 1,
(nimble swimmer 1), tentacles
a: no special abilities


You were on level 5 of the Dungeon.
You visited 1 branch of the dungeon, and saw 5 of its levels.

You collected 279 gold pieces.

Inventory:

Hand Weapons
 a - a +1 war axe (weapon)
Armour
 b - a +1 tower shield of protection (worn)
Jewellery
 g - an amulet of reflection (around mantle)
 n - a ring of flight (left tentacle)
Wands
 k - a wand of paralysis (4)
 m - a wand of flame (14)
Scrolls
 e - a scroll of summoning
 f - 3 scrolls of immolation
 l - a scroll of teleportation {unknown}
 o - a scroll of blinking {unknown}
Potions
 c - a potion of might


   Skills:
 + Level 5.3 Fighting
 + Level 5.7 Axes
 - Level 4.2 Dodging
 + Level 5.5 Shields


You had 7 spell levels left.
You didn't know any spells.
Your spell library contained the following spells:

 Spells                   Type           Power      Damage    Failure   Level
 Corona                   Hex            0%         N/A       99%         1
 Ensorcelled Hibernation  Hex/Ice        0%         N/A       100%        2
 Confusing Touch          Hex            0%         N/A       100%        3
 Dazzling Flash           Conj/Hex       0%         N/A       100%        3
 Tukima's Dance           Hex            0%         N/A       100%        3


Dungeon Overview and Level Annotations

Branches:
Dungeon (5/15)
 Temple: D:4-7

Altars:
Cheibriados
Makhleb

Annotations:
D:4 3 runed translucent doors, CurlyBrace's ghost, weakling FeIE; anet's ghost, weakling GnDe; celly00's ghost, amateur HOGl; tensugalgo's ghost, amateur FoFi
D:5 1 transporter


Innate Abilities, Weirdness & Mutations

You cannot wear most types of armour.
You are amphibious.
You can wear up to eight rings at the same time.
Your skin changes colour to match your surroundings (Stealth+).
Your rubbery body absorbs attacks. (AC +1, EV +1)
((You are camouflaged near water. (Stealth+)))
You have tentacles for arms and can constrict up to eight enemies at once.


Message History

You are poisoned.
The water moccasin poisons you!
You miss the water moccasin. Your grab misses the water moccasin.
The water moccasin is lightly wounded.
You feel very sick. The water moccasin bites you.
You block the water moccasin's attack.
You hit the water moccasin. You grab the water moccasin.
The water moccasin is lightly wounded.
You constrict the water moccasin.
You feel very sick. The water moccasin bites you.
You are lethally poisoned!
The water moccasin poisons you! You block the water moccasin's attack.
Okay, then.
You slash the water moccasin!
The water moccasin is almost dead.
You constrict the water moccasin.
You kill the water moccasin!
* * * LOW HITPOINT WARNING * * *
You feel extremely sick.
You have reached level 8!
It was a potion of brilliance.
You feel clever all of a sudden.
* * * LOW HITPOINT WARNING * * *
You feel very sick.
It was a potion of degeneration.
There was something very wrong with that liquid.
You feel weakened.
You feel dopey.
You feel clumsy.
* * * LOW HITPOINT WARNING * * *
You feel very sick.
It was a potion of resistance.
You feel protected.
* * * LOW HITPOINT WARNING * * *
You feel very sick.
It was a potion of attraction.
You feel attractive to monsters.
* * * LOW HITPOINT WARNING * * *
You feel sick.
You feel very mighty all of a sudden.
You die...

... #.#
##.##.# .##.#
.##.# # .##.#
#.#####.##.#
##....... #.#
....(...# #.#
# #@# #.#
####. #.# #.#
......#.###.#
#........(..#
#.##.##.#####
# #.# ..#
####


There were no monsters in sight!

Vanquished Creatures
  Eustachio (D:4)
  A water moccasin (D:5)
  A sky beast (D:5)
  A necrophage (D:4)
  A scorpion (D:3)
  A centaur zombie (D:4)
  A jelly (D:5)
  A hound (D:5)
  A bullfrog skeleton (D:4)
  2 iguanas
  An orc wizard (D:5)
  A hound skeleton (D:5)
  6 gnolls
  5 adders
  An ufetubus (D:4)
  A worm (D:3)
  4 dart slugs
  5 orcs
  8 ball pythons
  5 endoplasms
  4 giant cockroaches
  4 goblins
  6 hobgoblins
  27 jackals
  13 kobolds
  9 quokkas
  6 bats
  2 frilled lizards
  9 rats
128 creatures vanquished.

Vanquished Creatures (others)
  38 plants (D:4)
38 creatures vanquished.

Grand Total: 166 creatures vanquished

Notes
Turn   | Place    | Note
-------+----------+-------------------------------------------
     0 | D:1      | Ijustatesigmund the Octopode Fighter began the quest for
                  | the Orb.
     0 | D:1      | Reached XP level 1. HP: 16/16 MP: 1/1
    64 | D:1      | Reached XP level 2. HP: 21/21 MP: 2/2
   327 | D:1      | Reached XP level 3. HP: 26/26 MP: 3/3
   558 | D:1      | You fall into a shaft and drop 1 floor!
  1034 | D:2      | Reached XP level 4. HP: 20/31 MP: 4/4
  1335 | D:2      | Found a faded altar of an unknown god.
  1929 | D:3      | Found a burning altar of Makhleb.
  2467 | D:3      | Found a snail-covered altar of Cheibriados.
  2555 | D:3      | Noticed a scorpion
  2564 | D:3      | Killed a scorpion
  2565 | D:3      | Reached XP level 5. HP: 27/37 MP: 5/5
  3192 | D:4      | Reached XP level 6. HP: 31/43 MP: 6/6
  3346 | D:4      | Noticed Eustachio
  3373 | D:4      | Killed Eustachio
  3529 | D:4      | Identified a scroll of acquirement
  3529 | D:4      | Acquired a +0 tower shield of protection
  3608 | D:4      | Noticed a necrophage
  3617 | D:4      | Killed a necrophage
  3618 | D:4      | Reached XP level 7. HP: 36/49 MP: 7/7
  3873 | D:4      | Found a runed translucent gate.
  3873 | D:4      | Found a runed translucent gate.
  3873 | D:4      | Found a runed translucent gate.
  3875 | D:4      | Noticed celly00's ghost (amateur HOGl)
  3875 | D:4      | Noticed tensugalgo's ghost (amateur FoFi)
  3877 | D:4      | Noticed anet's ghost (weakling GnDe)
  3877 | D:4      | Noticed CurlyBrace's ghost (weakling FeIE)
  4136 | D:4      | Reached skill level 5 in Axes
  4211 | D:5      | Entered Level 5 of the Dungeon
  4375 | D:5      | Reached skill level 5 in Shields
  4572 | D:5      | Reached skill level 5 in Fighting
  4615 | D:5      | Found a transporter.
  4749 | D:5      | Reached XP level 8. HP: 13/55 MP: 8/8
  4752 | D:5      | HP: 1/55 [poisoned by a water moccasin]
  4753 | D:5      | Succumbed to a water moccasin's poison

Illustrated notes

Levels and vault maps discovered:
D:1:      lemuel_arrival_river_ford, layout_rooms
D:2:      layout_rooms, ebering_ecumenical_altar_ruins
D:3:      layout_basic, amcnicky_altar_gilded, old_standard_altar,
          gup_sewer_entry_spiral, hangedman_feature_mirror
D:4:      wad_woods_tower, layout_basic, gammafunk_ghost_cemetery,
          uniq_eustachio
D:5:      gammafunk_steamed_eel, layout_loops_ring, lemuel_tele_altar,
          grunt_ministairs_7

Skill      XL: |  1  2  3  4  5  6  7 |
---------------+----------------------+-----
Axes           | 3 4 5 |  5.7
Shields        | 4 5 |  5.5
Fighting       | 4 5 |  5.3
Dodging        | 4 |  4.2

Action                   |  1- 3 |  4- 6 |  7- 9 || total
-------------------------+-------+-------+-------++-------
Melee: War axe           |    64 |   127 |    52 ||   243
       Constrict         |    19 |    34 |    12 ||    65
       Tentacles         |    11 |    23 |    10 ||    44
  Use: Scroll            |       |     6 |       ||     6
       Potion            |       |     1 |     5 ||     6
 Stab: Sleeping          |     3 |     6 |     2 ||    11
       Distracted        |       |     1 |       ||     1
Armor: Skin              |     9 |    17 |     3 ||    29
Dodge: Dodged            |    35 |    69 |    10 ||   114
Block: Kite shield       |    34 |    51 |       ||    85
       Tower shield      |       |    34 |    52 ||    86

Table legend: (Time is in decaauts)
 A = Elapsed time spent in this place.
 B = Non-inter-level travel time spent in this place.
 C = Inter-level travel time spent in this place.
 D = Time resting spent in this place.
 E = Time spent auto-exploring this place.
 F = Levels seen in this place.
 G = Mean time per level.
                   A        B        C        D        E       F      G
               +--------+--------+--------+--------+--------+-----+--------+
         Total |   4898 |   4836 |     62 |    703 |   3299 |   5 |  979.6 |
       Dungeon |   4898 |   4836 |     62 |    703 |   3299 |   5 |  979.6 |
               +--------+--------+--------+--------+--------+-----+--------+

Top non-repeatable levels by time:
     D:3: 1339 daAuts
     D:2: 1227 daAuts
     D:4: 1188 daAuts
     D:1: 577 daAuts
     D:5: 565 daAuts
